 Dungeon Crawl Stone Soup version 0.31-a0-175-g9f7f995f2b (webtiles) character file.

Game seed: 9793707061095300657

86 Maxmaps the Shield-Bearer (level 4, -2/30 HPs)
             Began as a Demonspawn Hedge Wizard on June 17, 2023.
             Slain by an orc
             ... wielding a +0 war axe
              (6 damage)
             ... on level 2 of the Dungeon.
             The game lasted 00:04:08 (2283 turns).

Maxmaps the Shield-Bearer (Demonspawn Hedge Wizard) Turns: 2283, Time: 00:04:09

Health: -2/30      AC:  8    Str:  7 (10) XL:     4   Next: 26%
Magic:  17/17      EV: 11    Int: 17      God:
Gold:   24         SH:  4    Dex: 11 (13) Spells: 8/9 levels left

rFire   . . .        a - +0 dagger
rCold   . . .        g - +0 buckler
rNeg    . . .        e - +2 robe {Will+}
rPois   .            c - +0 hat
rElec   .            (no cloak)
rCorr   .            n - +2 pair of gloves
SInv    .            p - +0 pair of boots
Will    +....        (no amulet)
Stlth   ++           f - ring of magical power
HPRegen 0.25/turn    (no ring)
MPRegen 0.15/turn

%: no passive effects
@: no status effects
A: foul stench 1, sturdy frame 1
a: no special abilities


You were on level 2 of the Dungeon.
You visited 1 branch of the dungeon, and saw 3 of its levels.

You collected 24 gold pieces.

Inventory:

Hand Weapons
 a - a +0 dagger (weapon)
Armour
 c - a +0 hat (worn)
 e - a +2 robe of willpower (worn)
 g - a +0 buckler (worn)
 n - a +2 pair of gloves (worn)
 p - a +0 pair of boots (worn)
Magical Staves
 j - a staff of death
Jewellery
 f - a ring of magical power (left hand)
Scrolls
 b - a scroll of amnesia {unknown}
 h - a scroll of poison {unknown}
Potions
 d - a potion of magic
 i - a potion of might {unknown}
 k - a potion of ambrosia {unknown}
 l - 2 potions of brilliance


   Skills:
 - Level 1.7 Dodging
 - Level 1.7 Stealth
 + Level 3.1 Shields
 - Level 3.0 Spellcasting
 - Level 2.0 Conjurations
 - Level 1.0 Summonings
 - Level 0.8 Translocations


You had 8 spell levels left.
You knew the following spells:

 Your Spells              Type           Power      Damage    Failure   Level
a - Magic Dart            Conj           36%        1d4       12%         1

Your spell library contained the following spells:

 Spells                   Type           Power      Damage    Failure   Level
 Slow                     Hex            8%         N/A       26%         1
 Call Imp                 Summ           10%        N/A       26%         2
 Blink                    Tloc           10%        N/A       28%         2
 Cigotuvi's Dreadful Rot  Necr/Pois/Air  4%         N/A       38%         2
 Hailstorm                Conj/Ice       5%         3d4       47%         3
 Mephitic Cloud           Conj/Pois/Air  4%         N/A       54%         3
 Ice Form                 Ice/Tmut       2%         N/A       95%         4
 Simulacrum               Ice/Necr       1%         N/A       100%        6


Dungeon Overview and Level Annotations

Branches:
Dungeon (3/15)

Altars:

Shops:
D:1 !


Innate Abilities, Weirdness & Mutations

You may rarely emit foul miasma when damaged in melee.
Your movements are slightly less encumbered by armour. (ER -2)


Message History

There is a stone staircase leading up here.
The orc hits you with a +0 war axe.
* * * LOW HITPOINT WARNING * * *
The orc misses you.
You climb upwards.
There is a stone staircase leading down here.
You feel much better. The orc hits you with a +0 war axe.
The orc completely misses you.
You hit the orc.
The orc is lightly wounded.
The orc barely misses you. The orc hits you with a +0 club.
You barely miss the orc.
The orc is lightly wounded.
The orc closely misses you. The orc barely misses you.
You closely miss the orc.
The orc is lightly wounded.
The orc closely misses you. The orc hits you with a +0 club.
You hit the orc.
The orc is moderately wounded.
The orc misses you. The orc hits you but does no damage.
The orc barely misses you. The orc hits you with a +0 club.
You closely miss the orc.
The orc is moderately wounded.
The orc closely misses you. The orc barely misses you.
You hit the orc but do no damage.
The orc is moderately wounded.
The orc hits you with a +0 war axe. You block the orc's attack.
You hit the orc.
The orc is almost dead.
The orc hits you with a +0 war axe!
* * * LOW HITPOINT WARNING * * *
The orc barely misses you.
You closely miss the orc.
The orc is almost dead.
The orc closely misses you. The orc hits you with a +0 club.
* * * LOW HITPOINT WARNING * * *
You barely miss the orc.
The orc is almost dead.
The orc hits you with a +0 war axe.
You die...

...................##.#...#.#####
..[.###.#####.####.##.....#......
....#............#.##...#.......#
....#.#.#####)##.#)##...#######.#
###.#.#..........#.##............
#.#.#######..###.#....###......
#.#.................#.<........ #
#........#..##o#.##.#.#.#.....# #
###'#######'##@o......#.#.....# #
##..###..########.###.#.....#
#### #...8...#...# #.###.#.....#
...# ##.....##...# #............
...####8._..#....# #.###.#.#####
...#.##.....##.### ##.###.#.##...
.....#...8...#.## #......#.##...
...#.#..###..#..# #......#.##...
...#.'### ###)#.# #.....##.#####


You could see 2 orcs.

Vanquished Creatures
  Jessica (D:2)
  A worm (D:2)
  An orc (D:3)
  5 ball pythons
  6 endoplasms
  5 goblins
  2 hobgoblins
  3 jackals (D:1)
  A quokka (D:1)
  5 bats
  4 frilled lizards
  11 kobolds
  7 rats
52 creatures vanquished.

Notes
Turn   | Place    | Note
-------+----------+-------------------------------------------
     0 | D:1      | Maxmaps the Demonspawn Hedge Wizard began the quest for the
                  | Orb.
     0 | D:1      | Reached XP level 1. HP: 13/13 MP: 4/4
   342 | D:1      | Gained mutation: You may rarely emit foul miasma when
                  | damaged in melee. [demonic ancestry]
   342 | D:1      | Reached XP level 2. HP: 9/19 MP: 6/6
   516 | D:1      | Reached skill level 1 in Shields
   757 | D:1      | Found Ujimyrph's Distillery.
   796 | D:1      | Reached XP level 3. HP: 22/24 MP: 7/7
  1217 | D:2      | Noticed Jessica
  1247 | D:2      | Killed Jessica
  1374 | D:2      | Gained mutation: Your movements are slightly less
                  | encumbered by armour. (ER -2) [demonic ancestry]
  1374 | D:2      | Reached XP level 4. HP: 28/30 MP: 8/8
  2144 | D:2      | Found a faded altar of an unknown god.
  2283 | D:2      | Slain by an orc

Illustrated notes

Levels and vault maps discovered:
D:1:      matt_arrival_grand_opening, layout_basic, serial_shops, shop,
          grunt_decor_arrowhead, minmay_misc_feat_nine_boxes
D:2:      layout_basic, hellmonk_ecumenical_altar_slurped_away, uniq_jessica
D:3:      layout_basic, tgw_fedhas, cheibriados_altar_1, general_overflow_altar,
          minivault_14, uniq_grinder, uniq_terence

Skill      XL: |  1  2  3  4 |
---------------+-------------+-----
Conjurations   | 2 |  2.0
Shields        | 1 2 3 |  3.1
Dodging        | |  1.7
Stealth        | |  1.7
Spellcasting   | |  3.0
Summonings     | |  1.0
Translocations | |  0.8

Action                     |  1- 3 |  4- 6 || total
---------------------------+-------+-------++-------
  Melee: Dagger            |   175 |   116 ||   291
   Cast: Magic Dart        |     9 |       ||     9
    Use: Potion            |     3 |     1 ||     4
         Scroll            |       |     2 ||     2
   Stab: Sleeping          |     5 |     1 ||     6
         Invisible         |     1 |       ||     1
 Armour: Robe              |    45 |    55 ||   100
  Dodge: Dodged            |    88 |    76 ||   164
  Block: Buckler           |    27 |    39 ||    66

Table legend: (Time is in decaauts)
 A = Elapsed time spent in this place.
 B = Non-inter-level travel time spent in this place.
 C = Inter-level travel time spent in this place.
 D = Time resting spent in this place.
 E = Time spent auto-exploring this place.
 F = Levels seen in this place.
 G = Mean time per level.
                   A        B        C        D        E       F      G
               +--------+--------+--------+--------+--------+-----+--------+
         Total |   2301 |   2127 |    174 |    156 |   1375 |   3 |  767.0 |
       Dungeon |   2301 |   2127 |    174 |    156 |   1375 |   3 |  767.0 |
               +--------+--------+--------+--------+--------+-----+--------+

Top non-repeatable levels by time:
     D:1: 1326 daAuts
     D:2: 953 daAuts
     D:3: 21 daAuts
